 Dungeon Crawl Stone Soup version 0.22.1-2-g9c5b331383 (webtiles) character file.

103 McIrco the Shield-Bearer (level 4, -6/28 HPs)
             Began as a Gargoyle Fighter on Jan 6, 2019.
             Killed from afar by Sigmund (8 damage)
             ... with a puff of flame
             ... on level 2 of the Dungeon.
             The game lasted 00:02:09 (1243 turns).

McIrco the Shield-Bearer (Gargoyle Fighter)         Turns: 1243, Time: 00:02:10

Health: -6/28      AC: 10    Str: 20    XL:     4   Next: 79%
Magic:  4/4        EV:  7    Int:  8    God:
Gold:   82         SH:  9    Dex: 10    Spells: 3/3 levels left

rFire    . . .     SeeInvis .   a - +0 long sword
rCold    . . .     Gourm    .   c - +0 shield
rNeg     + . .     Faith    .   b - +0 scale mail
rPois    ∞         Spirit   .   (no helmet)
rElec    +         Reflect  .   (no cloak)
rCorr    .         Harm     .   (no gloves)
MR       .....                  (no boots)
Stlth    ..........             (no amulet)
HPRegen  0.09/turn              (no ring)
MPRegen  0.09/turn              (no ring)

@: no status effects
A: negative energy resistance 1, electricity resistance, unbreathing,
petrification resistance, rot immunity, AC +3
a: no special abilities


You were on level 2 of the Dungeon.
You were not hungry.

You visited 1 branch of the dungeon, and saw 2 of its levels.

You collected 82 gold pieces.

Inventory:

Hand Weapons
 a - a +0 long sword (weapon)
Armour
 b - a +0 scale mail (worn)
 c - a +0 shield (worn)
Jewellery
 j - an uncursed ring of magical power {unknown}
Scrolls
 e - a scroll of remove curse {unknown}
 g - a scroll of teleportation {unknown}
 h - 2 scrolls of identify {unknown}
 i - a scroll of blinking {unknown}
Potions
 d - a potion of might
 k - a potion of curing
 l - a potion of experience {unknown}
Comestibles
 f - 3 rations
 m - a chunk of flesh


   Skills:
 + Level 3.6 Fighting
 + Level 2.5 Long Blades
 * Level 4.0 Armour
 * Level 0.8 Dodging
 * Level 4.4 Shields


You had 3 spell levels left.
You didn't know any spells.
Your spell library was empty.

Dungeon Overview and Level Annotations

Branches:
Dungeon (2/15)

Altars:

Annotations:
D:2 Sigmund, Terence


Innate Abilities, Weirdness & Mutations

You are resistant to torment.
Your stone body is resilient. (AC +3)
You are immune to poison.
You resist negative energy. (rN+)
You are resistant to electric shocks. (rElec)
You can survive without breathing.
You are immune to petrification.
You are immune to rotting.


Message History

You barely miss Sigmund.
Sigmund is severely wounded.
You block Sigmund's attack.
You closely miss Sigmund.
Sigmund is severely wounded.
Sigmund hits you with a scythe of venom!
Ouch! That really hurt!
* * * LOW HITPOINT WARNING * * *
A jackal comes into view.
You closely miss Sigmund.
Sigmund is severely wounded.
The jackal barks!
Sigmund mumbles some strange words.
Sigmund flickers and vanishes!
Deactivating autopickup; reactivate with Ctrl-A.
You barely miss something.
You hear some strange, mumbled words.
A puff of flame appears from out of thin air!
The puff of flame hits you!
You die...

#. .. #. hh r# S# ##{##
#@..##### #########........
####......##...####.
#.......#.....##
#.##.##.####### ### #.##.##.#
(.# #.##.##.# #.#
#.##.##.##############.#
#.##.##.#.......#...##.######


You could see an adder, 2 jackals and a rat.

Vanquished Creatures
  Natasha (twice) (D:2)
  An ooze (D:1)
  A worm (D:2)
  2 dart slugs
  2 leopard geckos (D:2)
  4 bats
  A giant cockroach (D:2)
  3 goblins
  6 hobgoblins
  8 jackals (D:1)
  3 frilled lizards
  3 kobolds (D:1)
  3 rats
39 creatures vanquished.

Notes
Turn   | Place    | Note
-------+----------+-------------------------------------------
     0 | D:1      | McIrco the Gargoyle Fighter began the quest for the Orb.
     0 | D:1      | Reached XP level 1. HP: 14/14 MP: 1/1
    20 | D:1      | Reached XP level 2. HP: 12/19 MP: 2/2
   344 | D:1      | Reached XP level 3. HP: 13/23 MP: 3/3
   854 | D:2      | Noticed Natasha
   860 | D:2      | Killed Natasha
   860 | D:2      | Reached XP level 4. HP: 22/28 MP: 4/4
   864 | D:2      | Noticed Terence
  1060 | D:2      | Noticed Natasha
  1069 | D:2      | Killed Natasha
  1223 | D:2      | Noticed Sigmund
  1243 | D:2      | Killed from afar by Sigmund

Skill      XL: |  1  2  3  4 |
---------------+-------------+-----
Long Blades    | 2 |  2.5
Shields        | 4 |  4.4
Armour         | 4 |  4.0
Fighting       | |  3.6
Dodging        | |  0.8

Action                   |  1- 3 |  4- 6 || total
-------------------------+-------+-------++-------
Melee: Long sword        |    64 |    58 ||   122
  Eat: Chunk             |       |     1 ||     1
Armor: Scale mail        |    83 |    24 ||   107
Dodge: Dodged            |    31 |    29 ||    60
Block: Shield            |    53 |    42 ||    95
       Rpst.: Long sword |    10 |     2 ||    12
